AoeStats
← IllusiveBread19

MegaRandom

510820137Analyzed
2v2 RM · 21h ago on Oct 2, 2026· 22m 57s· 4 players
Game mode
Random Map
Map size
Medium (4 player)
Population
200
Speed
Normal
Resources
Standard
Victory
Conquest
Starting age
Dark Age
Ending age
Imperial Age
RankedLock teamsTeams togetherTeam positionsShared explorationLock speedFull tech treeHidden civsTurbo modeCheats
Victory
Defeat
🇨🇳 Khmer · China
489
+15
🇨🇳 Magyars · China
465
+15
🇬🇧 Persians · United Kingdom
464
-15
🇬🇧 Goths · United Kingdom
462
-15
IllusiveBread19
1:41 Loom
13:41 Feudal Age
14:29 Stone Mining
14:31 Gold Mining
22:21 Double-Bit Axe
22:23 Horse Collar
ElderGecko965
2:33 Loom
8:10 Feudal Age
8:11 Man-at-Arms
9:41 Wheelbarrow
9:19 Horse Collar
9:27 Double-Bit Axe
13:41 Gold Mining
17:42 Castle Age
17:26 Fletching
17:33 Stone Mining
18:32 Heavy Plow
19:51 Caravan
19:27 Crossbowman
20:22 Bow Saw
21:18 Padded Archer Armor
雨下的猫
6:07 Loom
10:02 Feudal Age
10:29 Horse Collar
11:25 Scale Mail Armor
13:41 Wheelbarrow
12:59 Double-Bit Axe
14:53 Scale Barding Armor
15:48 Bloodlines
23:08 Castle Age
清浅
6:31 Loom
9:06 Feudal Age
10:21 Wheelbarrow
10:04 Town Watch
11:26 Double-Bit Axe
12:38 Gold Mining
12:38 Stone Mining
15:42 Bloodlines
17:43 Scale Barding Armor
21:50 Forging
21:42 Padded Archer Armor
21:33 Fletching
22:25 Horse Collar
Connection lost

Rejoining the realm…

Still unreachable

The connection could not be restored.

Session expired

The server has moved on; the page needs a fresh start.